 Dungeon Crawl Stone Soup version 0.20.1-1-g8b1a95d (webtiles) character file.

1739 acidapple the Zephyrmancer (level 9, -1/45 HPs)
             Began as a Tengu Air Elementalist on Sept 11, 2017.
             Slain by a black bear (11 damage)
             ... on level 7 of the Dungeon.
             The game lasted 00:18:27 (5905 turns).

acidapple the Zephyrmancer (Tengu Air Elementalist) Turns: 5905, Time: 00:18:28

Health: -1/45      AC:  3    Str:  8    XL:     9   Next: 5%
Magic:  1/20       EV: 13    Int: 18    God:
Gold:   275        SH:  0    Dex: 16    Spells: 15/22 levels left

rFire    . . .     SeeInvis +   l - +1 spear (curse)
rCold    . . .     Gourm    .   (no shield)
rNeg     . . .     Faith    .   a - +1 robe
rPois    .         Spirit   .   (helmet restricted)
rElec    .         Reflect  .   (no cloak)
rCorr    .         Harm     .   (no gloves)
MR       .....                  (boots unavailable)
Stlth    ++........             (no amulet)
Regen    0.2/turn               x - ring of see invisible
MPRegen  0.2/turn               (no ring)

@: swift, quick
A: beak, talons 3, able to fly 1
a: Fly


You were on level 7 of the Dungeon.
You were not hungry.

You visited 2 branches of the dungeon, and saw 8 of its levels.

You collected 275 gold pieces.

Inventory:

Hand Weapons
 d - a +0 club
 e - a +0 hand axe
 l - a cursed +1 spear (weapon)
 s - a cursed -2 dagger
 t - a cursed -3 dagger
 H - a +0 dagger of electrocution
Missiles
 h - 116 stones (quivered)
Armour
 a - a +1 robe (worn)
 n - a +0 buckler
 D - a +2 pair of gloves
Jewellery
 o - an uncursed ring of ice
 x - a ring of see invisible (left hand)
Wands
 j - a wand of polymorph (10/24)
 u - a wand of acid (10/15)
 y - a wand of random effects (21/48)
Scrolls
 m - a scroll of magic mapping
 r - 6 scrolls of identify
 z - a scroll of enchant weapon
Potions
 c - a potion of might {unknown}
 i - a potion of brilliance {unknown}
 p - a potion of agility {unknown}
 q - a potion of flight {unknown}
 v - 3 potions of berserk rage {unknown}
 w - a potion of lignification {unknown}
 E - a potion of mutation {unknown}
 G - a potion of haste {unknown}
Books
 b - a book of Air

   Spells                             Type                      Level
   a - Shock                          Conjuration/Air              1
   b - Swiftness                      Charms/Air                   2
   c - Static Discharge               Conjuration/Air              3
   d - Airstrike                      Air                          4
   e - Lightning Bolt                 Conjuration/Air              5
 F - a book of Maledictions

   Spells                             Type                      Level
   a - Corona                         Hexes                        1
   b - Ensorcelled Hibernation        Hexes/Ice                    2
   c - Confuse                        Hexes                        3
   d - Tukima's Dance                 Hexes                        3
   e - Dazzling Spray                 Conjuration/Hexes            3
Comestibles
 f - 2 meat rations
 g - a fruit
 k - a royal jelly


   Skills:
 - Level 2.1 Dodging
 - Level 2.0 Stealth
 + Level 7.2 Spellcasting
 + Level 4.4 Conjurations
 + Level 10.6 Air Magic


You had 15 spell levels left.
You knew the following spells:

 Your Spells              Type           Power        Failure   Level  Hunger
a - Shock                 Conj/Air       ####         1%          1    None
b - Swiftness             Chrm/Air       ####....     1%          2    None
c - Airstrike             Air            #####.....   1%          4    ###....


Dungeon Overview and Level Annotations

Branches:
Dungeon (7/15)             Temple (1/1) D:5

Altars:
Ashenzari
Cheibriados
Dithmenos
Elyvilon
Fedhas
Gozag
Hepliaklqana
Makhleb
Nemelex Xobeh
Okawaru
Qazlal
Ru
Uskayaw
Xom
Yredelemnul
Zin
Jiyva

Shops:
D:7 (

Annotations:
D:4 Chisa's ghost, amateur CeAM


Innate Abilities, Weirdness & Mutations

You have a beak for a mouth.
You have claws for feet.
You can fly.


Message History

The black bear completely misses you.
Casting: Shock
Confirm with . or Enter, or press ? or * to list all spells.
You feel quick. The black bear misses you.
The black bear completely misses you. The black bear claws you.
The black bear bites you but does no damage.
The black bear closely misses you. The black bear claws you.
The black bear rages.
The bullfrog zombie barely misses you. The black bear bites you!
* * * LOW HITPOINT WARNING * * *
The black bear barely misses you. The black bear closely misses you.
Things that are here:
an enchanted halberd; a robe
As you read the scroll of fear, it crumbles to dust.
You assume a fearsome visage.
The bullfrog zombie is unaffected.
The bullfrog zombie hits you.
* * * LOW HITPOINT WARNING * * *
The black bear bites you!
You die...

#.....###.#
#.###.###.######
#...........#
.###.##...#####
..............#
##.####....####
#...#.# #..
##.####hZ###.####....
.......@## ##........
#######).###.........
#.#.#..##.....o
#.#.)#.# ......
#>#..#.# .....
#######...>#.# ....o
..........)..# #....
.#######.#)### #....
#.#.# #..


You could see a black bear (berserk) and a bullfrog zombie.

Vanquished Creatures
  A water moccasin (D:7)
  A black bear (D:7)
  2 orc warriors (D:6)
  A sky beast (D:6)
  A phantom (D:6)
  4 ogres
  4 wights (D:7)
  A howler monkey (D:6)
  3 crimson imps
  3 hounds
  2 orc priests
  4 orc wizards
  2 iguanas
  2 worker ants
  A howler monkey skeleton (D:7)
  2 gnolls (D:4)
  5 adders
  2 worms
  2 dart slugs
  3 leopard geckos
  12 orcs
  3 giant cockroaches
  2 goblins
  8 hobgoblins
  7 jackals
  6 quokkas
  3 ball pythons
  5 bats
  4 frilled lizards
  6 kobolds
  A leopard gecko zombie (D:6)
  A quokka zombie (D:6)
  4 rats
108 creatures vanquished.

Vanquished Creatures (others)
  A hobgoblin (D:3)
1 creature vanquished.

Grand Total: 109 creatures vanquished

Notes
Turn   | Place    | Note
-------+----------+-------------------------------------------
     0 | D:1      | acidapple the Tengu Air Elementalist began the quest for the Orb.
     0 | D:1      | Reached XP level 1. HP: 10/10 MP: 4/4
   199 | D:1      | Reached XP level 2. HP: 10/15 MP: 4/6
   307 | D:1      | Learned a level 2 spell: Swiftness
   537 | D:2      | Reached XP level 3. HP: 13/19 MP: 4/8
   921 | D:2      | Reached skill level 5 in Air Magic
  1072 | D:2      | Reached XP level 4. HP: 11/24 MP: 6/9
  1597 | D:3      | Learned a level 4 spell: Airstrike
  1982 | D:3      | Gained mutation: You can fly. [Tengu growth]
  1982 | D:3      | Reached XP level 5. HP: 17/28 MP: 11/11
  2112 | D:4      | Noticed Chisa's ghost (amateur CeAM)
  2220 | D:4      | Reached skill level 6 in Air Magic
  2392 | D:4      | Found a shimmering altar of Xom.
  2546 | D:5      | Entered Level 5 of the Dungeon
  2695 | D:4      | Noticed an ogre
  2724 | D:4      | Killed an ogre
  2724 | D:4      | Reached skill level 7 in Air Magic
  2724 | D:4      | Reached XP level 6. HP: 21/32 MP: 9/13
  3351 | D:5      | Found a shadowy altar of Dithmenos.
  3519 | D:5      | Found a staircase to the Ecumenical Temple.
  3527 | Temple   | Entered the Ecumenical Temple
  3626 | D:5      | Found a faded altar of an unknown god.
  3626 | D:5      | Found a white marble altar of Elyvilon.
  3658 | D:5      | Reached XP level 7. HP: 22/36 MP: 5/15
  3661 | D:5      | Reached skill level 5 in Spellcasting
  3775 | D:5      | Found an opulent altar of Gozag.
  3777 | D:5      | Found a faded altar of an unknown god.
  3778 | D:5      | Found a stormy altar of Qazlal.
  4012 | D:6      | Reached skill level 8 in Air Magic
  4653 | D:6      | Reached skill level 9 in Air Magic
  4653 | D:6      | Reached XP level 8. HP: 41/41 MP: 8/17
  5359 | D:6      | Reached skill level 10 in Air Magic
  5584 | D:7      | Found Wyxeh's Antique Weapon Shop.
  5794 | D:7      | Reached XP level 9. HP: 45/45 MP: 9/20
  5905 | D:7      | Slain by a black bear

Skill      XL: |  1  2  3  4  5  6  7  8 |
---------------+-------------------------+-----
Spellcasting   | 3 4 5 7 |  7.2
Air Magic      | 5 7 9 10 | 10.6
Conjurations   | 4 |  4.4
Dodging        | |  2.1
Stealth        | |  2.0

Action                   |  1- 3 |  4- 6 |  7- 9 || total
-------------------------+-------+-------+-------++-------
Melee: Hand axe          |     4 |       |       ||     4
       Club              |     2 |       |       ||     2
       Peck              |     6 |    17 |     6 ||    29
       Spear             |    58 |   143 |    77 ||   278
       Kick              |     6 |    38 |    13 ||    57
Throw: Stone             |     1 |     5 |       ||     6
 Cast: Shock             |    28 |    17 |    32 ||    77
       Swiftness         |     1 |       |     2 ||     3
       Airstrike         |       |     9 |    44 ||    53
Evoke: Wand              |       |     2 |       ||     2
  Use: Potion            |     1 |     3 |     1 ||     5
       Scroll            |       |    10 |     3 ||    13
 Stab: Sleeping          |     4 |     6 |     2 ||    12
       Distracted        |       |       |     1 ||     1
  Eat: Chunk             |     1 |     5 |     4 ||    10
       Bread ration      |       |     2 |       ||     2
       Fruit             |       |       |     2 ||     2
       Meat ration       |       |       |     1 ||     1
Armor: Robe              |    10 |    11 |    13 ||    34
Dodge: Dodged            |    49 |    59 |    67 ||   175
